cohdb
Replays
Latest Replays
All Replays
Popular Replays
Top Player Replays
Match Explorer
How It Works
Community
CoH3 Stats
Reddit
Sign in to upload your games and track your stats! →
Sign in with Steam
Match 38042168
Unlisted
Match 38042168
Overview
Messages
Build Orders
End
Vickers Machine Gun Team
Royal Engineer Section
Vickers Machine Gun Team
Construct Section Command Post
ML 3-inch Mortar Team
Construct Platoon Command Post
Humber Armored Car
Selects Air and Sea Battlegroup
Selects Commando Section Paradrop
Selects Commando Support Section Paradrop
Commando Support Section Paradrop
Commando Section Paradrop
Construct Company Command Post
Crusader II Medium Tank
Foot Guards Section
6-pounder Anti-tank Gun Team
Nicolou
MechLurkeR
BIOHAZARD
Sauzer88
0
0
Comments
sign in to comment!
No comments posted yet!